 Dungeon Crawl Stone Soup version 0.31-a0-1101-g9ad1905e61 (webtiles) character file.

Game seed: 16725345214036474123

2720 Dirtsage the Martial Artist (level 9, -2/64 HPs)
             Began as an Octopode Monk on Dec 1, 2023.
             Was an Initiate of Gozag.
             Slain by a kobold
             ... wielding a +3 dagger
              (4 damage)
             ... on level 8 of the Dungeon.
             The game lasted 00:13:35 (7662 turns).

Dirtsage the Martial Artist (Octopode Monk)         Turns: 7662, Time: 00:13:36

Health: -2/64      AC:  1    Str: 10    XL:     9   Next: 66%
Magic:  9/9        EV: 17    Int: 12    God:    Gozag
Gold:   873        SH:  0    Dex: 19    Spells: 8/8 levels left

rFire   . .          .
                       - Unarmed
rCold   . . .        b - orb {light}
rNeg    . . .        (helmet restricted)
rPois   .            (no amulet)
rElec   .            (no ring)
rCorr   .            (no ring)
SInv    .            (no ring)
Will    .....        (no ring)
Stlth   +            (no ring)
HPRegen 0.30/turn    (no ring)
MPRegen 0.11/turn    (no ring)
                     (no ring)

%: no passive effects
@: gold aura, glowing
A: almost no armour, amphibious, 8 rings, camouflage 1, gelatinous body 1,
(nimble swimmer 1), tentacles
a: Renounce Religion, Potion Petition, Call Merchant, Bribe Branch


You were on level 8 of the Dungeon.
You worshipped Gozag.
Gozag was pleased with you.
You visited 2 branches of the dungeon, and saw 9 of its levels.
You also visited: Sewer.

You collected 873 gold pieces.

Inventory:

Missiles
 e - a curare-tipped dart
Armour
 b - an orb of light (worn)
 A - a +0 buckler
Wands
 p - a wand of polymorph (14)
 r - a wand of acid (14)
 s - a wand of flame (33)
 z - a wand of roots (9)
 D - a wand of digging (5)
Scrolls
 g - a scroll of fear
 h - a scroll of torment
 i - a scroll of identify
 j - a scroll of revelation
 o - 2 scrolls of enchant weapon
 t - 3 scrolls of teleportation
 u - a scroll of noise
 v - a scroll of amnesia {unknown}
 w - 3 scrolls of summoning
 x - a scroll of enchant armour
 B - 3 scrolls of blinking
Potions
 a - 3 potions of ambrosia
 c - a potion of lignification
 d - a potion of might
 f - 4 potions of brilliance {unknown}
 k - 2 potions of cancellation
 l - 2 potions of heal wounds {unknown}
 m - 3 potions of haste {unknown}
 n - 2 potions of invisibility {unknown}
 q - 2 potions of curing {unknown}
 y - a potion of enlightenment
 C - a potion of magic {unknown}


   Skills:
 + Level 7.1 Fighting
 + Level 7.1 Dodging
 * Level 9.7 Unarmed Combat


You had 8 spell levels left.
You didn't know any spells.
Your spell library contained the following spells:

 Spells                   Type           Power      Damage    Failure   Level
 Shock                    Conj/Air       0%         1d3       32%         1
 Blink                    Tloc           0%         N/A       45%         2
 Gell's Gravitas          Tloc           0%         N/A       69%         3
 Summon Guardian Golem    Hex/Summ       0%         N/A       69%         3
 Swiftness                Air            0%         N/A       69%         3
 Teleport Other           Tloc           0%         N/A       69%         3
 Airstrike                Air            0%         2d(0-16)  97%         4
 Manifold Assault         Tloc           0%         N/A       97%         4
 Dispersal                Tloc           0%         N/A       100%        6
 Orb of Destruction       Conj           0%         9d5       100%        7
 Spellforged Servitor     Conj/Summ      0%         N/A       100%        7


Dungeon Overview and Level Annotations

Branches:
Dungeon (8/15)             Temple (1/1) D:4           Sewer (visited)
   Lair: D:8-11

Altars:
Cheibriados
Dithmenos
Elyvilon
Fedhas
Gozag
Hepliaklqana
Kikubaaqudgha
Nemelex Xobeh
Okawaru
Qazlal
Sif Muna
Trog
Uskayaw
Wu Jian
Xom
Yredelemnul
Zin
The Shining One

Annotations:
D:4 3 runed translucent doors, bmj180's ghost, novice HuCj
D:6 3 runed translucent doors, Flippered's ghost, novice SpHu


Innate Abilities, Weirdness & Mutations

You cannot wear most types of armour.
You are amphibious.
You can wear up to eight rings at the same time.
Your skin changes colour to match your surroundings (Stealth+).
Your rubbery body absorbs attacks. (AC +1, EV +1)
((You are camouflaged when in or above water. (Stealth+)))
You have tentacles for arms and can constrict up to eight enemies at once.


Message History

You take 4 damage, and have 60/64 hp.
The steam dragon hisses angrily.
The kobold shouts!
You bludgeon the kobold brigand! You grab the kobold brigand.
The kobold brigand is moderately wounded.
You constrict the kobold brigand, but do no damage.
The kobold brigand closely misses you. The kobold closely misses you.
You bludgeon the kobold brigand!
The kobold brigand is severely wounded.
You constrict the kobold brigand, but do no damage.
The kobold brigand misses you.
You tentacle-slap the kobold brigand. x2
The kobold brigand is almost dead.
You constrict the kobold brigand.
You kill the kobold brigand!
You bludgeon the kobold!
You kill the kobold!
The steam dragon breathes steam at you. The ball of steam hits you!!
You take 29 damage, and have 32/64 hp.
MASSIVE DAMAGE!!
You are engulfed in a cloud of scalding steam.
The steam dragon closely misses you. The steam dragon misses you.
The kobold hits you with a +3 dagger.
Things that are here:
26 gold pieces; a +0 dagger; 3 poisoned darts You take 11 damage, and have 21/64 hp.
You bludgeon the steam dragon!
The steam dragon is moderately wounded.
You are engulfed in a cloud of scalding steam.
* * * LOW HITPOINT WARNING * * *
The steam dragon closely misses you. x2; The kobold closely misses you.
You take 5 damage, and have 16/64 hp.
You completely miss the steam dragon.
The steam dragon is moderately wounded.
You are engulfed in a cloud of scalding steam.
* * * LOW HITPOINT WARNING * * *
The steam dragon misses you. The steam dragon claws you.
* * * LOW HITPOINT WARNING * * *
The kobold hits you with a +3 dagger.
You die...
Your body crumbles into a pile of gold.

....# ###..# ....#
#....# ....# #.##.#
...#####.##.#
.........##>#
#####.....#.# # #
#.......### #.# #
#####'#..§####...### #
###..(#.###.§.@D.....#
###.#.#.#.#.§.§§K...##..
....#.#.#.##...##..##
....#.#.#.#....# (#...
...##.#...#..... .#.##
..###.#####........ #
....#.#...#.##.##.#
...##.#.#.#. #.# .#
...##.#.#.#


You could see a steam dragon and a kobold.

Vanquished Creatures
  Sigmund (D:4)
  A steam dragon (D:7)
  3 water moccasins (D:6)
  A sky beast (D:8)
  Pargi (Sewer)
  A black bear (D:7)
  An orc warrior (D:7)
  An ice beast (D:7)
  3 phantoms (D:5)
  3 kobold brigands
  2 bullfrogs (D:7)
  3 scorpions
  4 howler monkeys
  A lava snake (D:7)
  An orc priest (D:6)
  2 hounds (D:6)
  A jelly (D:4)
  A gnoll bouda (D:6)
  Natasha (twice) (D:3)
  2 orc wizards
  4 iguanas
  Robin (D:3)
  14 adders
  4 gnolls (D:3)
  A river rat (D:6)
  A shadow imp (D:6)
  2 ufetubi (D:6)
  2 worms (D:2)
  5 dart slugs
  20 orcs
  14 ball pythons
  7 endoplasms
  5 giant cockroaches
  8 hobgoblins
  7 jackals
  6 bats
  6 frilled lizards
  18 goblins
  23 kobolds
  5 rats
188 creatures vanquished.

Notes
Turn   | Place    | Note
-------+----------+-------------------------------------------
     0 | D:1      | Dirtsage the Octopode Monk began the quest for the Orb.
     0 | D:1      | Reached XP level 1. HP: 16/16 MP: 1/1
    66 | D:1      | Reached XP level 2. HP: 21/21 MP: 2/2
   576 | D:1      | Reached XP level 3. HP: 24/26 MP: 3/3
  1118 | D:2      | Reached skill level 4 in Unarmed Combat
  1118 | D:2      | Reached XP level 4. HP: 30/31 MP: 4/4
  2040 | D:3      | Noticed Robin
  2046 | D:3      | Reached XP level 5. HP: 26/37 MP: 5/5
  2052 | D:3      | Killed Robin
  2546 | D:3      | Noticed Natasha
  2575 | D:3      | Killed Natasha
  2576 | D:3      | Reached skill level 5 in Unarmed Combat
  2872 | D:3      | Noticed Natasha
  2882 | D:3      | Killed Natasha
  2883 | D:3      | Reached XP level 6. HP: 5/43 MP: 6/6
  3181 | D:4      | Found a runed translucent gate.
  3181 | D:4      | Found a runed translucent gate.
  3188 | D:4      | Found a runed translucent gate.
  3193 | D:4      | Noticed bmj180's ghost (novice HuCj)
  3386 | D:4      | Noticed Sigmund
  3396 | D:4      | Killed Sigmund
  3557 | D:4      | Reached XP level 7. HP: 33/49 MP: 7/7
  3697 | D:4      | Reached skill level 6 in Unarmed Combat
  3731 | D:4      | Found a staircase to the Ecumenical Temple.
  3747 | Temple   | Entered the Ecumenical Temple
  3766 | Temple   | Became a worshipper of Gozag Ym Sagoz the Greedy
  3845 | D:5      | Entered Level 5 of the Dungeon
  3921 | D:5      | Found an ancient bone altar of Kikubaaqudgha.
  3999 | D:5      | Reached skill level 5 in Dodging
  4109 | D:5      | Reached skill level 5 in Fighting
  4233 | D:5      | Found a snail-covered altar of Cheibriados.
  4393 | D:5      | Found a shadowy altar of Dithmenos.
  4709 | D:6      | Reached XP level 8. HP: 45/55 MP: 8/8
  4723 | D:6      | Reached skill level 7 in Unarmed Combat
  4824 | D:6      | Found a glowing drain.
  4841 | Sewer    | Entered a sewer
  4888 | Sewer    | Noticed Pargi
  4920 | Sewer    | Killed Pargi
  5591 | D:6      | Reached skill level 8 in Unarmed Combat
  6058 | D:6      | Found a runed translucent gate.
  6058 | D:6      | Found a runed translucent gate.
  6058 | D:6      | Found a runed translucent gate.
  6058 | D:6      | Noticed Flippered's ghost (novice SpHu)
  6110 | D:7      | Reached XP level 9. HP: 62/62 MP: 9/9
  6254 | D:7      | Found a stormy altar of Qazlal.
  6323 | D:7      | Found a hazy altar of Hepliaklqana.
  6328 | D:7      | HP: 1/63 [something] (7)]
  6576 | D:7      | Reached skill level 9 in Unarmed Combat
  7662 | D:8      | HP: 2/64 [steam dragon (5)]
  7662 | D:8      | Slain by a kobold

Illustrated notes

Levels and vault maps discovered:
D:1:      lightli_arrival_statuegarden, layout_basic, minmay_tetromino_i2
D:2:      layout_basic, grunt_ministairs_4, kennysheep_generic_room_15
D:3:      layout_basic, minmay_starry_boxes, uniq_robin, uniq_natasha
D:4:      layout_rooms, minmay_temple_entry_statues, gammafunk_ghost_necromancy,
          uniq_sigmund
D:5:      layout_loops_cross, mainiacjoe_overflow_tiny_flanked,
          kennysheep_slug_shrine, nicolae_dithmenos_through_a_glass_darkly,
          bh_walls_and_bars
D:6:      minmay_skewed_foursquare, layout_basic, gammafunk_ghost_nasty_kobolds,
          portal_sewer_entry_b
D:7:      layout_rooms, mainiacjoe_overflow_catch_the_wave
D:8:      layout_rooms, nicolae_ru_the_path_less_chosen, roderic_serpentine_path
Temple:   hellmonk_temple_forest_ring

Skill      XL: |  1  2  3  4  5  6  7  8  9 |
---------------+----------------------------+-----
Unarmed Combat | 4 5 6 8 9 |  9.7
Dodging        | 4 5 6 7 |  7.1
Fighting       | 4 5 6 7 |  7.1

Action                     |  1- 3 |  4- 6 |  7- 9 || total
---------------------------+-------+-------+-------++-------
  Melee: Unarmed           |    68 |   125 |   250 ||   443
         Constrict         |    26 |    29 |    64 ||   119
         Tentacles         |    22 |    20 |    70 ||   112
         Punch             |     4 |     4 |    20 ||    28
    Use: Scroll            |       |       |    14 ||    14
   Stab: Sleeping          |     1 |     4 |       ||     5
         Distracted        |       |       |     2 ||     2
 Armour: Skin              |    25 |    48 |   106 ||   179
  Dodge: Dodged            |    55 |    71 |   194 ||   320

Table legend: (Time is in decaauts)
 A = Elapsed time spent in this place.
 B = Non-inter-level travel time spent in this place.
 C = Inter-level travel time spent in this place.
 D = Time resting spent in this place.
 E = Time spent auto-exploring this place.
 F = Levels seen in this place.
 G = Mean time per level.
                   A        B        C        D        E       F      G
               +--------+--------+--------+--------+--------+-----+--------+
         Total |   7612 |   7442 |    170 |    325 |   6022 |  10 |  761.2 |
       Dungeon |   7330 |   7195 |    135 |    325 |   5826 |   8 |  916.2 |
        Temple |     37 |      2 |     35 |      0 |      0 |   1 |   37.0 |
         Sewer |    243 |    243 |      0 |      0 |    196 |   1 |  243.0 |
               +--------+--------+--------+--------+--------+-----+--------+

Top non-repeatable levels by time:
     D:3: 1204 daAuts
     D:6: 1184 daAuts
     D:1: 1047 daAuts
     D:7: 984 daAuts
     D:2: 851 daAuts
     D:5: 797 daAuts
     D:4: 691 daAuts
     D:8: 569 daAuts
   Sewer: 243 daAuts
  Temple: 37 daAuts
